 Dungeon Crawl Stone Soup version 0.26-a0-665-gefeb406119 (webtiles) character file.

Game seed: 15167105735031752241

9191 Radels the Grappler (level 11, -15/102 HPs)
             Began as a Troll Transmuter on Oct 15, 2020.
             Was a High Priest of Cheibriados.
             Demolished by a boulder beetle (56 damage)
             ... on level 10 of the Dungeon.
             The game lasted 00:35:53 (7808 turns).

Radels the Grappler (Troll Transmuter)              Turns: 7808, Time: 00:35:54

Health: -15/102    AC: 16    Str: 40    XL:     11   Next: 19%
Magic:  22/22      EV:  5    Int: 26    God:    Cheibriados [*****.]
Gold:   512        SH: 10    Dex: 24    Spells: 5/14 levels left

rFire    + + .     SeeInvis .   (no weapon)
rCold    x . .     Faith    .   P - +0 kite shield
rNeg     . . .     Spirit   .   O - +2 fire dragon scales
rPois    .         Reflect  .   (helmet restricted)
rElec    .         Harm     .   (no cloak)
rCorr    .         Rampage  .   (gloves unavailable)
MR       .....     Clarity  +   (boots unavailable)
Stlth    ..........             h - amulet of regeneration
HPRegen  1.07/turn              r - +6 ring of strength
MPRegen  0.18/turn              i - ring of magical power

@: extremely drained, very slow
A: large, unfitting armour, claws 3, molten scales 1, clarity, regeneration 1,
shaggy fur 1, tough skin 3, evolution 1
a: Bend Time, Temporal Distortion, Slouch, Step From Time, Renounce Religion


You were on level 10 of the Dungeon.
You worshipped Cheibriados.
Cheibriados was extremely pleased with you.
You visited 1 branch of the dungeon, and saw 10 of its levels.
You also visited: Ossuary.

You collected 688 gold pieces.
You spent 176 gold pieces at shops.

Inventory:

Missiles
 n - 4 poisoned darts (quivered)
 q - 3 large rocks
 v - 10 boomerangs
 z - 2 boomerangs of dispersal
 C - 3 atropa-tipped darts
 G - a throwing net
Armour
 a - a +0 robe
 M - a scarf of shadows
 O - +2 fire dragon scales (worn)
 P - a +0 kite shield (worn)
 Q - a +0 pair of boots
Magical Staves
 A - an uncursed staff of poison
Jewellery
 b - an uncursed ring of positive energy
 h - an amulet of regeneration (around neck)
 i - a ring of magical power (right claw)
 r - a +6 ring of strength (left claw)
 s - an uncursed ring of protection from fire {unknown}
 w - an uncursed ring of stealth
 F - an uncursed amulet of faith {unknown}
 R - a cursed ring of teleportation {unknown}
 T - an uncursed ring of fire {unknown}
 Z - an uncursed ring of fire {unknown}
Wands
 u - a wand of paralysis (10)
 y - a wand of iceblast (22)
 N - a wand of flame (24)
Scrolls
 c - a scroll of amnesia
 d - 3 scrolls of blinking
 j - 4 scrolls of enchant armour
 k - 6 scrolls of remove curse
 o - 3 scrolls of fear
 p - 11 scrolls of teleportation
 t - a scroll of vulnerability
 I - a scroll of fog
 S - a scroll of holy word
 Y - 2 scrolls of identify
Potions
 e - 2 potions of mutation
 f - 7 potions of curing
 g - 2 potions of stabbing
 l - 3 potions of heal wounds
 m - a potion of degeneration {unknown}
 x - a potion of might
 B - a potion of haste {unknown}
 D - 2 potions of ambrosia {unknown}
 E - 2 potions of cancellation
 H - a potion of resistance
 J - a potion of flight
 K - a potion of berserk rage {unknown}
 L - a potion of brilliance
 W - a potion of invisibility
 X - a potion of lignification
Miscellaneous
 U - a phial of floods
 V - a condenser vane (2/2)


   Skills:
 - Level 5.0(0.0) Fighting
 - Level 2.0(0.0) Throwing
 - Level 5.0(0.0) Dodging
 + Level 8.4(0.0) Shields
 - Level 9.0(0.0) Unarmed Combat
 - Level 2.0(0.0) Spellcasting
 - Level 6.0(0.0) Transmutations


You had 5 spell levels left.
You knew the following spells:

 Your Spells              Type           Power        Failure   Level
a - Beastly Appendage     Tmut           #.....       88%         1
b - Wereblood             Tmut           #.......     95%         2
c - Blink                 Tloc           N/A          95%         2
d - Ice Form              Ice/Tmut       #.......     100%        4

Your spell library contained the following spells:

 Spells                   Type           Power        Failure   Level
 Animate Skeleton         Necr           #.....       88%         1
 Magic Dart               Conj           #...         88%         1
 Pain                     Necr           #...         88%         1
 Summon Small Mammal      Summ           #...         88%         1
 Call Imp                 Summ           #.......     95%         2
 Slow                     Hex            #.......     95%         2
 Call Canine Familiar     Summ           #.......     99%         3
 Conjure Flame            Conj/Fire      #.......     99%         3
 Gell's Gravitas          Tloc           #.........   99%         3
 Lesser Beckoning         Tloc           #.........   99%         3
 Mephitic Cloud           Conj/Pois/Air  #.......     99%         3
 Spider Form              Tmut/Pois      #.........   99%         3
 Summon Guardian Golem    Hex/Summ       #.......     99%         3
 Teleport Other           Tloc           #.......     99%         3
 Vampiric Draining        Necr           #.........   99%         3
 Animate Dead             Necr           #.........   100%        4
 Passage of Golubria      Tloc           N/A          100%        4
 Summon Ice Beast         Ice/Summ       #.......     100%        4
 Summon Lightning Spire   Summ/Air       #.......     100%        4
 Agony                    Necr           #.......     100%        5
 Blade Hands              Tmut           #.........   100%        5
 Dispersal                Tloc           #.........   100%        6
 Eringya's Noxious Bog    Tmut/Pois      #.........   100%        6
 Freezing Cloud           Conj/Ice/Air   #.........   100%        6
 Invisibility             Hex            #.......     100%        6
 Ozocubu's Refrigeration  Ice            #.........   100%        6
 Simulacrum               Ice/Necr       #.........   100%        6


Dungeon Overview and Level Annotations

Branches:
Dungeon (10/15)            Temple (0/1) D:5             Orc (0/2) D:9
Ossuary (visited)
   Lair: D:8-11

Altars:
Cheibriados
Dithmenos
Elyvilon
Fedhas
Makhleb
Nemelex Xobeh
Okawaru
Qazlal
Trog
Uskayaw
Wu Jian
Yredelemnul
Zin
The Shining One

Shops:
D:5 *   D:10 [

Annotations:
D:6 2 transporters, Thargor's ghost, novice MiFi
D:10 Sonja


Innate Abilities, Weirdness & Mutations

You are too large for most types of armour.
You have claws for hands.
Your natural rate of healing is unusually fast.
You are covered in fur. (AC +1)
You have extremely tough skin. (AC +3)
You are partially covered in molten scales. (AC +2)
You possess an exceptional clarity of mind.
You evolve.


Message History

You scratch the boulder beetle.
The boulder beetle is severely wounded.
The boulder beetle bites you!
You completely miss the boulder beetle.
The boulder beetle is severely wounded.
The boulder beetle blinks!
The boulder beetle curls into a ball and begins rolling!
You see here a poisoned dart.
A boulder beetle is nearby!
Unknown command.
Throwing (i - inventory. (/) - cycle)
n - 5 poisoned darts (quivered)
Press: ? - help, Shift-Dir - straight line, f/p - boulder beetle
Aim: a boulder beetle (severely wounded)
You throw a poisoned dart.
The poisoned dart hits the boulder beetle.
The boulder beetle is poisoned.
The boulder beetle is severely wounded.
The boulder beetle hits you!!!
Ouch! That really hurt!
You die...

#.....#### #..#
#.........##..##
#..............#
#..#####.......##
##.## #.....# #..#
##..(... # #..#
#....... #.##(##
#...(... #..@##
##...(... ##(B.##
##.†......
#.○.[#####.........
#.#....##........##
#.###....=......(##
#. #.............#
.##..............#
..#.....>.........#
###............#...#


You could see a boulder beetle (poisoned).

Vanquished Creatures
  3 two-headed ogres (D:8)
  Pikel (D:8)
  A manticore (D:7)
  A slime creature (D:8)
  Prince Ribbit (D:7)
  2 shadows
  A yak (D:8)
  Edmund (D:4)
  A water moccasin (D:8)
  A hornet zombie (D:6)
  An ice beast (D:6)
  5 sky beasts
  3 black bears
  3 orc warriors
  6 phantoms
  4 necrophages
  5 ogres
  2 centaurs
  A lemure (D:8)
  4 bullfrogs
  4 scorpions
  2 troll zombies (D:9)
  5 killer bees (D:7)
  A wight (D:8)
  A howler monkey (D:7)
  2 bullfrog zombies (D:8)
  3 jellies
  13 orc wizards
  5 orc priests
  7 hounds
  12 worker ants
  3 iguanas
  Terence (D:2)
  6 ogre zombies (D:9)
  3 hound skeletons
  A hound zombie (D:6)
  3 mummies (Ossuary)
  A howler monkey zombie (D:9)
  2 worker ant zombies (D:9)
  Robin (D:4)
  6 gnolls
  2 howler monkey skeletons
  8 adders
  2 shadow imps
  3 white imps
  2 ufetubi
  An ooze (D:1)
  2 adder zombies
  3 worms
  3 dart slugs
  4 leopard geckos
  37 orcs
  8 giant cockroaches
  20 goblins
  9 hobgoblins
  3 jackals (D:4)
  A quokka (D:7)
  A ball python (D:3)
  3 bats
  5 frilled lizards
  4 goblin zombies (Ossuary)
  3 hobgoblin skeletons (D:9)
  5 hobgoblin zombies
  7 kobolds
  5 kobold zombies (Ossuary)
  A leopard gecko skeleton (D:6)
  4 orc skeletons (D:9)
  17 orc zombies (D:9)
  2 quokka skeletons (D:4)
  5 quokka zombies
  6 rats
  2 rat zombies (Ossuary)
  A bush (D:9)
308 creatures vanquished.

Vanquished Creatures (others)
  13 plants
13 creatures vanquished.

Grand Total: 321 creatures vanquished

Notes
Turn   | Place    | Note
-------+----------+-------------------------------------------
     0 | D:1      | Radels the Troll Transmuter began the quest for the Orb.
     0 | D:1      | Reached XP level 1. HP: 18/18 MP: 1/1
    63 | D:1      | Reached skill level 1 in Fighting
   102 | D:1      | Reached XP level 2. HP: 27/27 MP: 3/3
   575 | D:1      | Reached XP level 3. HP: 30/33 MP: 4/4
   847 | D:2      | Noticed Terence
   860 | D:2      | Killed Terence
   860 | D:2      | Reached XP level 4. HP: 29/41 MP: 3/5
  1310 | D:3      | Reached skill level 4 in Unarmed Combat
  1344 | D:3      | Found a hide-covered altar of Uskayaw.
  1439 | D:3      | Reached skill level 1 in Throwing
  1443 | D:3      | Reached XP level 5. HP: 17/48 MP: 7/7
  1513 | D:3      | Found a burning altar of Makhleb.
  1513 | D:3      | Noticed a blizzard demon
  2126 | D:4      | Reached skill level 5 in Unarmed Combat
  2128 | D:4      | Reached XP level 6. HP: 37/55 MP: 6/8
  2200 | D:4      | Noticed Edmund
  2213 | D:4      | Killed Edmund
  2344 | D:4      | Reached skill level 6 in Unarmed Combat
  2344 | D:4      | Reached XP level 7. HP: 46/62 MP: 7/9
  2748 | D:4      | Noticed Robin
  2767 | D:4      | Killed Robin
  2869 | D:4      | Found a snail-covered altar of Cheibriados.
  2887 | D:4      | Became a worshipper of Cheibriados the Contemplative
  3179 | D:5      | Entered Level 5 of the Dungeon
  3197 | D:5      | Found an ornate altar of the Wu Jian Council.
  3235 | D:5      | Found Huoniut's Assorted Antiques.
  3249 | D:5      | Bought a potion of curing for 66 gold pieces
  3249 | D:5      | Bought a potion of heal wounds for 110 gold pieces
  3308 | D:5      | Reached XP level 8. HP: 59/75 MP: 10/10
  3329 | D:5      | Reached * piety under Cheibriados
  3335 | D:5      | Learned a level 2 spell: Wereblood
  3460 | D:5      | Found a sparkling altar of Nemelex Xobeh.
  3463 | D:5      | Found a glowing golden altar of the Shining One.
  3466 | D:5      | Found a glowing silver altar of Zin.
  3474 | D:5      | Found a bloodstained altar of Trog.
  3573 | D:5      | Found a staircase to the Ecumenical Temple.
  3750 | D:5      | Reached skill level 5 in Transmutations
  3933 | D:6      | Reached skill level 5 in Fighting
  3974 | D:6      | Reached ** piety under Cheibriados
  4029 | D:6      | Reached skill level 7 in Unarmed Combat
  4029 | D:6      | Reached XP level 9. HP: 86/86 MP: 11/11
  4137 | D:6      | Found a shadowy altar of Dithmenos.
  4181 | D:6      | Noticed Thargor's ghost (novice MiFi)
  4183 | D:6      | Found a transporter.
  4208 | D:6      | Found a transporter.
  4403 | D:7      | Found a transporter.
  4415 | D:7      | Found a sand-covered staircase.
  4424 | Ossuary  | Entered an ossuary
  4658 | D:7      | Noticed a manticore
  4670 | D:7      | Found a transporter.
  4673 | D:7      | Found a transporter.
  4714 | D:7      | Found a transporter.
  4714 | D:7      | Found a transporter.
  4732 | D:7      | Reached skill level 8 in Unarmed Combat
  4739 | D:7      | Reached *** piety under Cheibriados
  4741 | D:7      | Killed a manticore
  4741 | D:7      | Reached skill level 9 in Unarmed Combat
  4876 | D:7      | Noticed Prince Ribbit
  4881 | D:7      | Killed Prince Ribbit
  4927 | D:7      | Found a stormy altar of Qazlal.
  5049 | D:7      | Reached skill level 1 in Shields
  5598 | D:8      | Learned a level 2 spell: Blink
  5603 | D:8      | Learned a level 4 spell: Ice Form
  5684 | D:8      | Reached XP level 10. HP: 92/94 MP: 12/12
  5768 | D:8      | Noticed a two-headed ogre
  5777 | D:8      | Killed a two-headed ogre
  5781 | D:8      | Found an iron altar of Okawaru.
  5788 | D:8      | Found a white marble altar of Elyvilon.
  5837 | D:8      | Reached **** piety under Cheibriados
  5899 | D:8      | Reached skill level 5 in Dodging
  5907 | D:8      | Found a sparkling altar of Nemelex Xobeh.
  5928 | D:8      | Noticed Pikel
  5937 | D:8      | Killed Pikel
  5950 | D:8      | Noticed a two-headed ogre
  5955 | D:8      | Noticed a two-headed ogre
  5959 | D:8      | Killed a two-headed ogre
  5959 | D:8      | Reached skill level 5 in Shields
  5962 | D:8      | Killed a two-headed ogre
  5990 | D:8      | Identified Plog's Spellweaving, Part Six
  6728 | D:9      | Gained mutation: You evolve. [potion of mutation]
  6728 | D:9      | Gained mutation: You are partially covered in molten
                  | scales. (AC +2) [potion of mutation]
  6761 | D:9      | Reached ***** piety under Cheibriados
  6776 | D:9      | Reached XP level 11. HP: 94/100 MP: 13/13
  6805 | D:9      | Found a staircase to the Orcish Mines.
  7095 | D:9      | Found a blossoming altar of Fedhas.
  7165 | D:9      | Found a basalt altar of Yredelemnul.
  7192 | D:9      | Gained mutation: You possess an exceptional clarity of
                  | mind. [evolution]
  7591 | D:10     | Entered Level 10 of the Dungeon
  7592 | D:10     | Found Ineqiuqa's Antique Armour Shoppe.
  7621 | D:10     | Noticed Sonja
  7746 | D:10     | Noticed a boulder beetle
  7778 | D:10     | HP: 4/102 [boulder beetle (15)]
  7808 | D:10     | Demolished by a boulder beetle

Illustrated notes

Levels and vault maps discovered:
D:1:      heliophobic_arrival_ceremonial_halls, layout_basic
D:2:      layout_basic, uniq_terence
D:3:      layout_basic, nicolae_overflow_crystal_walls,
          makhleb_altar_promises_db
D:4:      layout_loops_corners, kennysheep_slug_shrine, uniq_edmund, uniq_robin
D:5:      layout_loops_ring, grunt_temple_overflow_cloverleaf,
          lemuel_round_altar, minmay_temple_entry_proselytizer, serial_shops,
          nicolae_shop_overgrown_old_shop, st_stairs_11
D:6:      layout_cave_pools, lemuel_round_altar, gammafunk_ghost_smash
D:7:      gammafunk_the_bubble [the_bubble_gammafunk_roulette],
          layout_loops_corners, nicolae_qazlal_style_of_elements,
          enter_ossuary_1, serial_bayou_pond_a, uniq_prince_ribbit1
D:8:      minmay_the_grid_octo_2x2 [minmay_the_grid_octo_clover,
          minmay_the_grid_octo_77, minmay_the_grid_octo_fan_narrow,
          minmay_the_grid_octo_prize_ultimate_mussel_roller],
          layout_loops_corners, grunt_temple_overflow_open,
          nemelex_diamond_rough_becter, uniq_pikel
D:9:      layout_gridville, fedhas_altar_decomposition, kennysheep_mini,
          zombieorc2_lemuel
D:10:     layout_layer_cave, serial_shops, shop_statue, enter_bailey_2,
          uniq_sonja

Skill      XL: |  1  2  3  4  5  6  7  8  9 10 11 |
---------------+----------------------------------+-----
Fighting       | 1 3 5 |  5.0
Dodging        | 2 3 4 5 |  5.0
Transmutations | 2 3 4 5 6 |  6.0
Unarmed Combat | 4 5 6 7 9 |  9.0
Spellcasting   | 2 |  2.0
Throwing       | 1 2 |  2.0
Shields        | 2 7 8 |  8.4

Action                   |  1- 3 |  4- 6 |  7- 9 | 10-12 || total
-------------------------+-------+-------+-------+-------++-------
Melee: Unarmed           |    58 |   104 |   305 |   315 ||   782
       Headbutt          |     2 |     2 |    36 |    18 ||    58
       Kick              |     1 |     9 |    50 |    46 ||   106
       Punch             |       |       |    10 |       ||    10
Throw: Dart              |       |     4 |     2 |    18 ||    24
 Cast: Beastly Appendage |     3 |     5 |    20 |     7 ||    35
       Wereblood         |       |       |     7 |     3 ||    10
  Use: Potion            |       |     1 |       |     8 ||     9
       Scroll            |       |       |    11 |     7 ||    18
 Stab: Sleeping          |       |       |     1 |       ||     1
       Invisible         |       |       |       |     3 ||     3
Armor: Robe              |    26 |    24 |    86 |       ||   136
       Fire dragon scale |       |       |    58 |   159 ||   217
Dodge: Dodged            |    36 |    44 |   174 |    91 ||   345
Block: Kite shield       |       |       |    57 |   193 ||   250

Table legend: (Time is in decaauts)
 A = Elapsed time spent in this place.
 B = Non-inter-level travel time spent in this place.
 C = Inter-level travel time spent in this place.
 D = Time resting spent in this place.
 E = Time spent auto-exploring this place.
 F = Levels seen in this place.
 G = Mean time per level.
                   A        B        C        D        E       F      G
               +--------+--------+--------+--------+--------+-----+--------+
         Total |  10110 |   9740 |    370 |    165 |   7344 |  11 |  919.1 |
       Dungeon |   9913 |   9543 |    370 |    165 |   7241 |  10 |  991.3 |
       Ossuary |    197 |    197 |      0 |      0 |    102 |   1 |  197.0 |
               +--------+--------+--------+--------+--------+-----+--------+

Top non-repeatable levels by time:
     D:8: 1811 daAuts
     D:7: 1497 daAuts
     D:9: 1455 daAuts
     D:4: 1131 daAuts
     D:3: 828 daAuts
     D:6: 793 daAuts
     D:5: 792 daAuts
     D:2: 644 daAuts
     D:1: 633 daAuts
    D:10: 325 daAuts
 Ossuary: 197 daAuts
